 Dungeon Crawl Stone Soup version 0.31-a0-196-g86fe4a5e66 (webtiles) character file.

Game seed: 7866702271614436554

211982 sanka the Warrior (level 19, -9/112 HPs)
             Began as a Vine Stalker Berserker on June 22, 2023.
             Was the Champion of Trog.
             Killed from afar by a white draconian stormcaller (26 damage)
             ... with a blast of cold
             ... on level 4 of the Depths on June 24, 2023.
             The game lasted 01:13:23 (25813 turns).

sanka the Warrior (Vine Stalker Berserker)         Turns: 25813, Time: 01:13:23

Health: -9/112     AC: 21    Str: 20    XL:     19   Next: 31%
Magic:  0/20       EV: 33    Int:  7    God:    Trog [******]
Gold:   2278       SH: 10    Dex: 22    Spells: 18/18 levels left

rFire   + . .        a - +8 autumn katana {manifold assault}
rCold   . . .        C - +2 buckler
rNeg    . . .        R - +5 ring mail "Xademm" {rElec rF+ Slay+6}
rPois   .            z - +0 helmet {SInv}
rElec   +            c - +1 cloak
rCorr   .            s - +2 pair of gloves
SInv    +            F - +1 pair of boots
Will    ++...        W - amulet of faith
Stlth   +            Z - +5 ring of evasion
HPRegen 1.18/turn    Y - +5 ring of evasion
MPRegen 0.17/turn

%: guardian spirit, faith
@: lethally poisoned (-9 -> -12), slowed, very slow
A: fangs 3, regeneration 1, magic shield, antimagic bite, no potion heal 2
a: Renounce Religion, Berserk, Trog's Hand, Brothers in Arms


You were on level 4 of the Depths.
You worshipped Trog.
Trog was exalted by your worship.
You visited 4 branches of the dungeon, and saw 26 of its levels.
You also visited: Sewer and Gauntlet.

You collected 3053 gold pieces.
You spent 775 gold pieces at shops.


Innate Abilities, Weirdness & Mutations

You have razor-sharp teeth.
Your natural rate of healing is unusually fast.
When hurt, damage is shared between your health and your magic reserves.
Your bite disrupts and absorbs the magic of your enemies.
Potions cannot restore your health.


   Skills:
 + Level 17.1 Fighting
 - Level 8.0(10.5) Short Blades
 - Level 10.9(12.0) Long Blades
 - Level 8.7 Armour
 * Level 16.2 Dodging
 + Level 11.2 Shields
 + Level 12.1 Evocations


You had 18 spell levels left.
You didn't know any spells.
Your spell library contained the following spells:

 Spells                   Type           Power      Damage    Failure   Level
 Static Discharge         Conj/Air       0%         2-2/arc   77%         2
 Inner Flame              Hex/Fire       0%         N/A       94%         3
 Airstrike                Air            0%         2d(0-16)  100%        4
 Arcjolt                  Conj/Air       0%         1d10      100%        5
 Fireball                 Conj/Fire      0%         3d3       100%        5

Inventory:

Hand Weapons
 a - the +8 autumn katana (weapon) {manifold assault}
 b - a +2 quick blade of venom
Missiles
 E - 10 curare-tipped darts (quivered) {=f}
 U - 11 javelins
Armour
 c - a +1 cloak (worn)
 s - a +2 pair of gloves (worn)
 z - a +0 helmet of see invisible (worn)
 C - a +2 buckler (worn)
 F - a +1 pair of boots (worn)
 R - the +5 ring mail "Xademm" (worn) {rElec rF+ Slay+6}

   Slay:      It affects your accuracy & damage with ranged weapons and melee
   (+6).
   rF:        It protects you from fire.
   rElec:     It insulates you from electricity.
Jewellery
 e - a ring of resist corrosion
 k - a ring of poison resistance
 D - a ring of ice
 K - the ring of Umoedus {Fly Int+2 SInv}

   [ring of flight]

   Int:       It affects your intelligence (+2).
   SInv:      It lets you see invisible.
   Fly:       It grants you flight.
 N - an amulet of the acrobat
 W - an amulet of faith (around neck)
 Y - a +5 ring of evasion (right hand)
 Z - a +5 ring of evasion (left hand)
Wands
 l - a wand of roots (37)
 m - a wand of charming (32)
 n - a wand of polymorph (31)
 o - a wand of mindburst (26)
 t - a wand of light (17)
 S - a wand of digging (19)
Scrolls
 d - 7 scrolls of fear
 f - 10 scrolls of teleportation {@r4}
 g - 4 scrolls of vulnerability {!r}
 h - 2 scrolls of identify {@r1}
 j - 5 scrolls of revelation
 p - 5 scrolls of poison {!r}
 x - 4 scrolls of noise {!r}
 y - 3 scrolls of silence {!r}
 G - 6 scrolls of blinking
 I - a scroll of brand weapon
 M - 6 scrolls of enchant armour
 O - 7 scrolls of enchant weapon
 X - 7 scrolls of fog
Potions
 i - 4 potions of haste {@q3}
 q - 6 potions of enlightenment
 r - 6 potions of curing {@q1}
 u - 3 potions of might
 v - 3 potions of lignification {!q}
 w - 2 potions of resistance
 A - 4 potions of mutation {!q}
 B - a potion of cancellation
 J - 4 potions of magic
 L - 2 potions of berserk rage {!q}
 P - a potion of invisibility
 V - a potion of attraction {!q}
Miscellaneous
 Q - a lightning rod (4/4)
 T - a tin of tremorstones (2/2)

Dungeon Overview and Level Annotations

Branches:
Dungeon (15/15)            Temple (0/1) D:5            Lair (5/5) D:8
  Swamp (0/4) Lair:2       Spider (0/4) Lair:3        Slime (0/5) Lair:4
    Orc (2/2) D:10            Elf (0/3) Orc:2        Vaults (0/5) D:13
 Depths (4/4) D:15          Sewer (visited)         Gauntlet (visited)
    Zot: Depths:4

Altars:
Elyvilon
Hepliaklqana
Makhleb
Okawaru
Qazlal
Uskayaw
Vehumet
Wu Jian
Yredelemnul

Shops:
D:7 [?   D:14 [*[=***   Orc:1 =   Orc:2 ==(!=   Depths:2 *   Depths:3 :

Portals:
Hell: Depths:1 Depths:2 Depths:3
Abyss: Depths:1 Depths:3
Pandemonium: Depths:2 Depths:3
Ziggurat: Depths:4

Annotations:
D:12 1 runed translucent door
Depths:2 3 runed translucent doors

▒...▒▒▒.....▒ ▒.▒ ▒.▒
▒.... ▒▒....▒ ▒.▒ ▒.▒
...▒▒ ▒▒...▒ ▒.▒ ▒.▒
▒...▒ ▒)▒ ▒.▒
...▒▒▒▒▒▒▒.▒▒▒▒▒▒.▒▒▒▒▒
......................
▒▒▒......<.....▒▒▒▒▒▒
▒.lq......)...▒
▒.fl..........▒
▒....▒▒▒▒▒▒...▒
▒▒.▒▒▒▒▒▒▒...▒▒ ▒▒..▒
).........?▒'▒ ▒'▒▒
▒▒▒▒▒▒▒.▒▒▒▒.▒ ▒.▒ ▒.▒
▒.▒ ▒.▒ ▒†▒ ▒.▒ ▒.▒ ▒[▒
▒4▒ ▒.▒ ▒[▒ ▒.. ..▒


You could see a white draconian stormcaller (catching breath), a death drake
(summoned), a hellwing and a komodo dragon (summoned).


Message History

You hit the white draconian stormcaller.
You slice through the folds of space itself!
You slice the death drake!! You hit the komodo dragon.
You bite the white draconian stormcaller.
You drain its power.
You feel invigorated.
The white draconian stormcaller is lightly wounded.
You feel very sick. The death drake completely misses you.
The white draconian stormcaller closely misses you.
You block the death drake's attack.
You closely miss the white draconian stormcaller.
You bite the white draconian stormcaller.
You drain its power.
You feel invigorated.
The white draconian stormcaller is lightly wounded.
You feel very sick.
The white draconian stormcaller breathes frost at you.
The blast of cold hits you.
* * * LOW HITPOINT WARNING * * *
A hellwing comes into view.
The death drake barely misses you.
The komodo dragon completely misses you.
You slice the white draconian stormcaller!!
The white draconian stormcaller is heavily wounded.
You feel sick.
The white draconian stormcaller breathes frost at you.
The blast of cold hits you!!!
You die...

Action                     |  1- 3 |  4- 6 |  7- 9 | 10-12 | 13-15 | 16-18 | 19-21 || total
---------------------------+-------+-------+-------+-------+-------+-------+-------++-------
  Melee: Short sword       |    52 |   149 |   295 |   622 |    11 |       |       ||  1129
         Bite              |    13 |    37 |    94 |   244 |   314 |   427 |    68 ||  1197
         Punch             |       |       |     3 |       |       |       |       ||     3
         Katana            |       |       |       |    54 |  1020 |  1115 |   178 ||  2367
         Quick blade       |       |       |       |       |       |    16 |       ||    16
  Throw: Dart              |       |       |       |     2 |       |       |       ||     2
 Invoke: Berserk           |     1 |     3 |     2 |    10 |     5 |     2 |       ||    23
         Trog's Hand       |       |     1 |     1 |     3 |     1 |     1 |       ||     7
         Brothers in Arms  |       |       |       |       |     1 |       |     1 ||     2
  Evoke: Wand              |       |       |       |    10 |     1 |       |       ||    11
    Use: Scroll            |       |       |       |    10 |     5 |     8 |       ||    23
         Potion            |       |       |       |       |     1 |       |       ||     1
   Stab: Sleeping          |     1 |     1 |     1 |       |       |       |       ||     3
         Distracted        |       |       |       |       |     1 |       |       ||     1
 Armour: Animal skin       |     4 |    25 |     6 |       |       |       |       ||    35
         Ring mail         |       |       |    49 |    17 |   160 |    92 |    19 ||   337
         Troll leather arm |       |       |     9 |     5 |       |       |       ||    14
         Swamp dragon scal |       |       |       |   204 |       |       |       ||   204
  Dodge: Dodged            |    23 |    61 |   118 |   355 |   509 |   498 |   118 ||  1682
  Block: Buckler           |       |       |    14 |   173 |   181 |   227 |    61 ||   656

Levels and vault maps discovered:
D:1:      dpeg_arrival_stonehenge_8_columns, layout_loops_ring,
          dreamdust_ecumenical_altar_drowned_temple
D:2:      layout_rooms, basic_altar
D:3:      layout_loops_ring, portal_sewer_entry_a,
          ebering_ghost_reflecting_pool, uniq_terence, uniq_ijyb, uniq_robin
D:4:      cheibrodos_thug_alley, layout_cave_pods,
          minmay_misc_feat_four_crosses, uniq_sigmund
D:5:      layout_rooms, minmay_temple_entry_large_hall
D:6:      layout_basic, nicolae_hepliaklqana_ecumenical_no_more,
          hellmonk_ghost_happy_afterlife, minivault_10, minmay_misc_feat_plants
D:7:      layout_basic, general_overflow_altar, nzn_wu_jian_contemplation,
          serial_shops, shop, nicolae_shop_rolled_up, minmay_chambers_of_fives,
          uniq_maggie
D:8:      layout_basic, lair_entry_dummy,
          nicolae_concentric_dashed_squares_wild, nicolae_elevator_lobby_plus,
          uniq_pikel, uniq_gastronok
D:9:      layout_loops_ring, yredelemnul_altar_generic,
          mainiacjoe_overflow_six_doors_small,
          nicolae_uskayaw_murder_on_the_dancefloor, minivault_25,
          water_maze_lemuel, uniq_psyche
D:10:     layout_irregular_city, mainiacjoe_overflow_chevrons, erik_orc_2,
          serial_undead, serial_undead_a, serial_undead_e, serial_undead_c,
          serial_undead_c, kennysheep_nub
D:11:     layout_layer_cave, grunt_decor_arrowhead
D:12:     lemuel_insect_pit, layout_cave_pools, uniq_josephine, uniq_frances,
          uniq_maurice
D:13:     layout_irregular_city, david_vaults_4, okawaru_trees_1
D:14:     layout_roguey, serial_bayou_shore_b, serial_shops,
          nicolae_shop_just_a_little_nook, nicolae_shop_gibbet_a_chance, shop,
          nicolae_shop_statue_plus, nicolae_shop_tiny_glass,
          nicolae_specific_store, einodemon_armed_red_devil_minivault
D:15:     hangedman_depths_entry_civil_slaughter, layout_loops_ring,
          hangedman_decor_peaks_small
Lair:1:   layout_regular_city, gauntlet_entry_generic, serial_bayou,
          serial_bayou_crossing, serial_bayou_pond_b, serial_bayou_ford_a,
          serial_bayou_pond_a, serial_bayou_pond_e,
          chequers_serial_rivers_marsh, st_stairs_11, uniq_grum, uniq_joseph
Lair:2:   layout_regular_city, swamp_mist, grunt_megastairs_4
Lair:3:   lemuel_reptile_caves, layout_regular_city, spider_nest_entry_a,
          worms_lemuel
Lair:4:   dreamdust_isle_of_ice, layout_long_grid, slime_entry_1,
          kennysheep_rathole
Lair:5:   minmay_lair_end_frog_pond, layout_cellular_growth, uniq_rupert
Orc:1:    layout_caves, basic_altar, serial_shops, shop
Orc:2:    st_orc_mages, layout_caves, basic_altar,
          minmay_shop_enchanted_jewellery, bloody_makhleb, uniq_snorg,
          uniq_nessos, uniq_saint_roka
Depths:1: layout_gridlike, abyss_entry_glasseish, pf_hell_entry_tar_spiral,
          minmay_stone_trees_medium, serial_bayou_pond_c, nrook_uturn,
          nicolae_transporter_circle, firewood_loft, serial_bayou_shore_b
Depths:2: minmay_the_grid_triangle_9x9_recursive_3_mashed
          [minmay_the_grid_triangle_9x9_stretched_checkered,
          minmay_the_grid_triangle_9x9_windchime,
          minmay_the_grid_triangle_9x9_longest,
          minmay_the_grid_triangle_9x9_prize_center,
          minmay_the_grid_triangle_9x9_steps,
          minmay_the_grid_triangle_9x9_fully_insulated_deathbox,
          minmay_the_grid_triangle_9x9_subtriangle,
          minmay_the_grid_triangle_9x9_minimal,
          minmay_the_grid_triangle_9x9_alien], layout_basic, serial_shops,
          nicolae_stop_n_shop_1, grunt_pan_entry_spiral, hell_entry,
          infiniplex_staircase_trident
Depths:3: kennysheep_ogre_elephant_herders, layout_long_grid,
          rand_demon_pan_entry_3, nicolae_twisting_strands, serial_shops,
          nicolae_stop_n_shop_2, hell_entry, abyss_entry,
          nicolae_elyvilon_peaceful_grove
Depths:4: grunt_zot_entry_pinwheel, layout_small_grid, enter_ziggurat_e,
          nicolae_dithmenos_through_a_glass_darkly, grunt_pan_entry_sceptre,
          hell_entry

Notes
Turn   | Place    | Note
-------+----------+-------------------------------------------
     0 | D:1      | sanka the Vine Stalker Berserker began the quest for the
                  | Orb.
     0 | D:1      | Reached XP level 1. HP: 11/11 MP: 2/2
    85 | D:1      | Reached skill level 3 in Short Blades
   140 | D:1      | Reached XP level 2. HP: 16/16 MP: 3/3
   169 | D:1      | Found a faded altar of an unknown god.
   588 | D:1      | Reached XP level 3. HP: 11/19 MP: 1/4
   654 | D:2      | Found a hide-covered altar of Uskayaw.
   660 | D:2      | Reached skill level 4 in Short Blades
   732 | D:2      | Gained mutation: Your natural rate of healing is unusually
                  | fast. [Vine Stalker growth]
   732 | D:2      | Reached XP level 4. HP: 15/23 MP: 5/5
   928 | D:2      | Reached ** piety under Trog
  1006 | D:2      | Reached skill level 5 in Short Blades
  1022 | D:2      | Reached XP level 5. HP: 25/27 MP: 6/6
  1325 | D:3      | Found a glowing drain.
  1355 | Sewer    | Entered a sewer
  1430 | Sewer    | Noticed a kobold brigand
  1449 | Sewer    | Killed a kobold brigand
  1450 | Sewer    | Reached XP level 6. HP: 7/32 MP: 0/7
  1516 | Sewer    | Found a white marble altar of Elyvilon.
  1607 | D:3      | Reached skill level 6 in Short Blades
  1642 | D:3      | Found a runed translucent door.
  1645 | D:3      | Noticed mopl's ghost (weakling OpHW)
  1929 | D:3      | Noticed Robin
  1959 | D:3      | Killed Robin
  1973 | D:3      | Noticed Terence
  2024 | D:3      | Killed Terence
  2027 | D:3      | Noticed Ijyb
  2035 | D:3      | Killed Ijyb
  2180 | D:3      | Killed mopl's ghost
  2208 | D:4      | Noticed Sigmund
  2222 | D:4      | Killed Sigmund
  2223 | D:4      | Reached skill level 7 in Short Blades
  2223 | D:4      | Reached XP level 7. HP: 28/35 MP: 6/8
  2462 | D:4      | Reached *** piety under Trog
  2804 | D:4      | Reached skill level 8 in Short Blades
  3040 | D:4      | Reached skill level 3 in Fighting
  3192 | D:5      | Entered Level 5 of the Dungeon
  3192 | D:5      | Found a staircase to the Ecumenical Temple.
  3201 | D:5      | Reached skill level 2 in Armour
  3282 | D:5      | Reached skill level 2 in Dodging
  3282 | D:5      | Gained mutation: You have razor-sharp teeth. [Vine Stalker
                  | growth]
  3282 | D:5      | Reached XP level 8. HP: 32/40 MP: 9/9
  3358 | D:5      | Reached skill level 1 in Evocations
  3830 | D:6      | Reached skill level 4 in Fighting
  3830 | D:6      | Reached skill level 3 in Armour
  3830 | D:6      | Reached skill level 3 in Dodging
  3896 | D:6      | Found a faded altar of an unknown god.
  3896 | D:6      | Found a faded altar of an unknown god.
  3898 | D:6      | Found a hazy altar of Hepliaklqana.
  3926 | D:6      | Reached skill level 2 in Evocations
  4308 | D:6      | Reached XP level 9. HP: 46/46 MP: 10/10
  4435 | D:6      | Noticed sausages's ghost (novice OpCj)
  4449 | D:6      | Found a runed translucent door.
  4504 | D:6      | Reached skill level 1 in Shields
  4507 | D:6      | Reached **** piety under Trog
  4508 | D:6      | Reached skill level 5 in Fighting
  4508 | D:6      | Reached skill level 4 in Armour
  4508 | D:6      | Reached skill level 4 in Dodging
  4837 | D:6      | Killed sausages's ghost
  4870 | D:7      | Found Aseyby's Antique Armour Emporium.
  4875 | D:7      | Identified the +5 hand axe "Wukaergh" {protect, rPois rCorr
                  | Int+4 Dex-4 Stlth+}
  4914 | D:7      | Found a stormy altar of Qazlal.
  4932 | D:7      | Noticed a troll
  4947 | D:7      | Killed a troll
  4948 | D:7      | Reached skill level 3 in Evocations
  4984 | D:7      | Found an ornate altar of the Wu Jian Council.
  5164 | D:7      | Found Nidotimu's Magic Scroll Shop.
  5207 | D:7      | Identified +0 swamp dragon scales
  5207 | D:7      | Noticed Maggie
  5226 | D:7      | Reached skill level 2 in Shields
  5236 | D:7      | Killed Maggie
  5247 | D:7      | Reached XP level 10. HP: 53/53 MP: 9/11
  5252 | D:7      | Reached skill level 6 in Fighting
  5252 | D:7      | Reached skill level 5 in Armour
  5255 | D:7      | Reached skill level 5 in Dodging
  5582 | D:7      | Bought a glowing helmet for 172 gold pieces
  5629 | D:7      | Bought a scroll of identify for 30 gold pieces
  5629 | D:7      | Bought a scroll of teleportation for 45 gold pieces
  5629 | D:7      | Bought a scroll of fear for 60 gold pieces
  5629 | D:7      | Bought a scroll of fog for 60 gold pieces
  5629 | D:7      | Bought a scroll of revelation for 112 gold pieces
  5767 | D:8      | Noticed Gastronok
  5793 | D:8      | Killed Gastronok
  5794 | D:8      | Reached skill level 3 in Shields
  5794 | D:8      | Reached skill level 4 in Evocations
  5809 | D:8      | Found a staircase to the Lair.
  5999 | D:8      | Noticed Pikel
  6028 | D:8      | Killed Pikel
  6029 | D:8      | Reached skill level 7 in Fighting
  6091 | D:8      | Reached skill level 6 in Armour
  6091 | D:8      | Reached skill level 6 in Dodging
  6753 | D:9      | Found a basalt altar of Yredelemnul.
  6761 | D:9      | Found a radiant altar of Vehumet.
  6801 | D:9      | Noticed Psyche
  6809 | D:9      | Killed Psyche
  6810 | D:9      | Reached XP level 11. HP: 58/58 MP: 12/12
  6850 | D:9      | Reached skill level 4 in Shields
  7185 | D:9      | Found a hide-covered altar of Uskayaw.
  7540 | D:10     | Entered Level 10 of the Dungeon
  7719 | D:10     | Found an iron altar of Okawaru.
  7748 | D:10     | Identified a scroll of acquirement
  7751 | D:10     | Acquired a manual of Fighting
  7838 | D:10     | Reached skill level 8 in Fighting
  7843 | D:10     | Noticed a two-headed ogre
  7855 | D:10     | Killed a two-headed ogre
  7888 | D:10     | Reached skill level 7 in Armour
  7904 | D:10     | Noticed a manticore
  8002 | D:11     | Reached skill level 7 in Dodging
  8002 | D:11     | Reached skill level 5 in Evocations
  8007 | D:11     | Reached ***** piety under Trog
  8136 | D:11     | Noticed a boulder beetle
  8165 | D:11     | Killed a boulder beetle
  8416 | D:11     | Noticed a five-headed hydra
  8428 | D:11     | Killed a five-headed hydra
  8429 | D:11     | Reached skill level 9 in Fighting
  8565 | D:11     | Noticed a cyclops
  8581 | D:11     | Killed a cyclops
  8637 | D:11     | Noticed a manticore
  8647 | D:11     | Killed a manticore
  8648 | D:11     | Reached XP level 12. HP: 26/66 MP: 10/13
  8987 | D:11     | Reached skill level 5 in Shields
 10058 | D:10     | Found a staircase to the Orcish Mines.
 10117 | D:11     | Noticed a two-headed ogre
 10122 | D:11     | Killed a two-headed ogre
 10123 | D:11     | Reached skill level 10 in Fighting
 10123 | D:11     | Reached skill level 8 in Dodging
 10137 | D:11     | Identified a +0 crystal plate armour
 10277 | Lair:1   | Entered Level 1 of the Lair of Beasts
 10277 | Lair:1   | Found a gate leading to a gauntlet.
 10287 | Lair:1   | Reached skill level 8 in Armour
 10292 | Lair:1   | Noticed Joseph
 10358 | Lair:1   | Killed Joseph
 10378 | Lair:1   | Reached skill level 6 in Evocations
 10382 | Gauntlet | Entered a Gauntlet
 10382 | Gauntlet | Found a transporter.
 10391 | Gauntlet | Found a transporter.
 10405 | Gauntlet | Noticed a great orb of eyes
 10407 | Gauntlet | Found a transporter.
 10411 | Gauntlet | Found a transporter.
 10416 | Gauntlet | Noticed a ghost crab
 10417 | Gauntlet | Found a transporter.
 10437 | Gauntlet | Found a transporter.
 10443 | Gauntlet | Found a transporter.
 10446 | Gauntlet | Found a transporter.
 10477 | Gauntlet | Noticed a hell beast
 10479 | Gauntlet | Found a transporter.
 10498 | Gauntlet | Found a transporter.
 10500 | Gauntlet | Found a transporter.
 10500 | Gauntlet | Noticed a hell hog
 10508 | Gauntlet | Found a transporter.
 10686 | Gauntlet | Paralysed by a great orb of eyes for 5 turns
 10701 | Gauntlet | Paralysed by a great orb of eyes for 2 turns
 10710 | Gauntlet | Killed a great orb of eyes
 10795 | Gauntlet | Killed a ghost crab
 10796 | Gauntlet | Reached skill level 11 in Fighting
 10841 | Gauntlet | Identified the ring of Umoedus {Fly Int+2 SInv}
 10879 | Gauntlet | Identified the +5 ring mail "Xademm" {rElec rF+ Slay+6}
 10879 | Gauntlet | Noticed a minotaur
 10901 | Gauntlet | Killed a minotaur
 11020 | Gauntlet | Got the Incunabulum of Hazy Fire
 11073 | Lair:1   | Reached skill level 1 in Long Blades
 11136 | Lair:1   | Reached skill level 2 in Long Blades
 11187 | Lair:1   | Reached skill level 3 in Long Blades
 11227 | Lair:1   | Noticed Grum
 11245 | Lair:1   | Reached skill level 4 in Long Blades
 11259 | Lair:1   | Reached XP level 13. HP: 74/74 MP: 14/14
 11261 | Lair:1   | Killed Grum
 11609 | Lair:1   | Reached skill level 5 in Long Blades
 11816 | Lair:2   | Reached skill level 6 in Long Blades
 11845 | Lair:2   | Received a gift from Trog
 11846 | Lair:2   | Reached skill level 7 in Long Blades
 12429 | Lair:2   | Reached skill level 8 in Long Blades
 12505 | Lair:2   | Found a staircase to the Swamp.
 12584 | Lair:2   | Reached skill level 9 in Long Blades
 12829 | Lair:3   | Found a hole to the Spider Nest.
 12946 | Lair:3   | Reached skill level 10 in Long Blades
 13871 | Lair:3   | Reached XP level 14. HP: 68/79 MP: 15/15
 13874 | Lair:3   | Identified the staff "Dauttot" {rPois rF+ rN+ Int-2 Necro}
 14034 | Lair:4   | Upgraded the game from 0.31-a0-187-gba352fbbf7 to
                  | 0.31-a0-188-g5e087ee2ca
 14081 | Lair:4   | Reached ****** piety under Trog
 14101 | Lair:4   | Reached skill level 12 in Fighting
 14428 | Lair:4   | Found a staircase to the Slime Pits.
 14482 | Lair:4   | Received a gift from Trog
 14770 | Lair:4   | Reached skill level 9 in Dodging
 15045 | Lair:5   | Entered Level 5 of the Lair of Beasts
 15078 | Lair:5   | Noticed Rupert
 15086 | Lair:5   | Killed Rupert
 15087 | Lair:5   | Reached skill level 13 in Fighting
 15350 | Lair:5   | Reached skill level 14 in Fighting
 15545 | Lair:5   | Reached skill level 10 in Dodging
 15741 | Lair:5   | Received a gift from Trog
 16458 | Orc:1    | Entered Level 1 of the Orcish Mines
 16458 | Orc:1    | Found Dumneifo's Jewellery Emporium.
 16536 | Orc:2    | Entered Level 2 of the Orcish Mines
 16597 | Orc:2    | Noticed Snorg
 16605 | Orc:2    | Killed Snorg
 16606 | Orc:2    | Reached XP level 15. HP: 88/88 MP: 16/16
 16702 | Orc:1    | Reached skill level 7 in Evocations
 17044 | Orc:2    | Found a staircase to the Elven Halls.
 17067 | Orc:2    | Received a gift from Trog
 17084 | Orc:2    | Noticed Saint Roka
 17099 | Orc:2    | Killed Saint Roka
 17171 | Orc:2    | Found Efitrai's Jewellery Shoppe.
 17173 | Orc:2    | Found Xushidut's Antique Weapon Emporium.
 17179 | Orc:2    | Found Waupliz's Jewellery Emporium.
 17184 | Orc:2    | Found Kocw's Distillery.
 17187 | Orc:2    | Bought a potion of attraction for 30 gold pieces
 17257 | Orc:2    | Found a burning altar of Makhleb.
 17328 | Orc:2    | Found Tosch's Jewellery Shoppe.
 17328 | Orc:2    | Noticed Nessos
 17334 | Orc:2    | Killed Nessos
 17335 | Orc:2    | Reached skill level 11 in Dodging
 17683 | D:12     | Noticed Maurice
 17687 | D:12     | Noticed Frances
 17689 | D:12     | Killed Maurice
 17813 | D:12     | Killed Frances
 17856 | D:12     | Found a runed translucent door.
 17857 | D:12     | Found a runed translucent door.
 17863 | D:12     | Found the amulet of Elemental Vulnerability {rPois rF--
                  | rC-- AC+8}
 17894 | D:12     | Received a gift from Trog
 17894 | D:12     | Noticed Josephine
 17897 | D:12     | Killed Josephine
 18376 | D:13     | Reached skill level 6 in Shields
 18533 | D:13     | Identified +0 ice dragon scales
 18599 | D:13     | Found a gate to the Vaults.
 18711 | D:13     | Found an iron altar of Okawaru.
 18971 | D:13     | Reached skill level 8 in Evocations
 19117 | D:14     | Found Esoblenn's General Store.
 19140 | D:14     | Found Ceote's Specific Store.
 19144 | D:14     | Found Louwkiesh's General Store.
 19249 | D:14     | Received a gift from Trog
 19276 | D:14     | Found Wimeonoh's Antique Armour Shoppe.
 19325 | D:14     | Found Ozxell's Armour Shop.
 19494 | D:14     | Found Koenaiwn's Jewellery Shoppe.
 19533 | D:14     | Found Solyis's Assorted Antiques.
 19725 | D:14     | Bought a translucent chain mail for 266 gold pieces
 19725 | D:14     | Identified the +0 chain mail of Tulips {Int+3} (You bought
                  | it in a shop on level 14 of the Dungeon)
 19759 | D:15     | Entered Level 15 of the Dungeon
 19964 | D:15     | Reached skill level 15 in Fighting
 20016 | D:15     | Reached skill level 12 in Dodging
 20091 | D:15     | Found a staircase to the Depths.
 20108 | D:15     | Reached XP level 16. HP: 90/95 MP: 17/17
 20457 | D:15     | Reached skill level 7 in Shields
 20750 | Depths:1 | Entered Level 1 of the Depths
 20773 | Depths:1 | Noticed a lich
 20781 | Depths:1 | Killed a lich
 20955 | Depths:1 | Received a gift from Trog
 20993 | Depths:1 | Reached skill level 9 in Evocations
 21112 | Depths:1 | Found a transporter.
 21118 | Depths:1 | Found a transporter.
 21119 | Depths:1 | Found a transporter.
 21155 | Depths:1 | Found a transporter.
 21255 | Depths:1 | Reached skill level 13 in Dodging
 21313 | Depths:1 | Found a one-way gate to the infinite horrors of the Abyss.
 21638 | Depths:1 | Reached skill level 8 in Shields
 21916 | Depths:1 | Found a gateway to Hell.
 22004 | Depths:2 | Noticed a lich
 22012 | Depths:2 | Killed a lich
 22166 | Depths:2 | Received a gift from Trog
 22250 | Depths:2 | Reached XP level 17. HP: 96/100 MP: 18/18
 22263 | Depths:2 | Noticed a lich
 22268 | Depths:2 | Identified +0 ice dragon scales
 22278 | Depths:2 | Killed a lich
 22374 | Depths:2 | Reached skill level 10 in Evocations
 22435 | Depths:2 | Upgraded the game from 0.31-a0-188-g5e087ee2ca to
                  | 0.31-a0-196-g86fe4a5e66
 22470 | Depths:2 | Found Lakyagg Napo's General Store.
 22674 | Depths:2 | Found a one-way gate leading to the halls of Pandemonium.
 22694 | Depths:2 | Reached skill level 16 in Fighting
 22694 | Depths:2 | Reached skill level 14 in Dodging
 22725 | Depths:2 | Reached skill level 9 in Shields
 22838 | Depths:2 | Received a gift from Trog
 22854 | Depths:2 | Noticed a sphinx
 22874 | Depths:2 | Killed a sphinx
 22997 | Depths:2 | Found a runed translucent door.
 23000 | Depths:2 | Noticed a quicksilver dragon
 23000 | Depths:2 | Found a runed translucent door.
 23001 | Depths:2 | Found a runed translucent door.
 23003 | Depths:2 | Noticed a lich
 23007 | Depths:2 | Found a runed translucent door.
 23007 | Depths:2 | Noticed a lich
 23045 | Depths:2 | Killed a lich
 23082 | Depths:2 | Noticed a tentacled monstrosity
 23105 | Depths:2 | Killed a tentacled monstrosity
 23204 | Depths:2 | Killed a lich
 23213 | Depths:2 | Reached XP level 18. HP: 40/106 MP: 19/19
 23389 | Depths:2 | Noticed a lich
 23401 | Depths:2 | Killed a lich
 23659 | Depths:2 | Killed a quicksilver dragon
 23678 | Depths:2 | Reached skill level 11 in Evocations
 23693 | Depths:2 | Reached skill level 10 in Shields
 23699 | Depths:2 | Reached skill level 15 in Dodging
 23754 | Depths:2 | Noticed a tentacled monstrosity
 23763 | Depths:2 | Killed a tentacled monstrosity
 23763 | Depths:2 | Received a gift from Trog
 23868 | Depths:3 | Found a white marble altar of Elyvilon.
 23904 | Depths:3 | Identified +0 ice dragon scales
 23957 | Depths:3 | Identified +0 storm dragon scales
 24031 | Depths:3 | Found Elatzur's Book Shoppe.
 24365 | Depths:3 | Received a gift from Trog
 24526 | Depths:3 | HP: 10/107 [dire elephant (12)]
 25063 | Depths:3 | Reached XP level 19. HP: 79/111 MP: 20/20
 25230 | Depths:3 | Reached skill level 17 in Fighting
 25273 | Depths:4 | Entered Level 4 of the Depths
 25469 | Depths:4 | Reached skill level 16 in Dodging
 25469 | Depths:4 | Reached skill level 11 in Shields
 25538 | Depths:4 | Reached skill level 12 in Evocations
 25596 | Depths:4 | Received a gift from Trog
 25608 | Depths:4 | Found a one-way gateway to a ziggurat.
 25813 | Depths:4 | Killed from afar by a white draconian stormcaller

Vanquished Creatures
  Saint Roka (Orc:2)
  2 tentacled monstrosities (Depths:2)
  6 liches
  A walking divine tome (Depths:3)
  A quicksilver dragon (Depths:2)
  2 sphinxes
  Frances (D:12)
  Gastronok (D:8)
  2 tengu reavers
  A storm dragon (Depths:3)
  5 frost giants
  An iron dragon (Depths:4)
  8 fire giants
  5 spriggan defenders
  30 very ugly things
  13 stone giants
  Nessos (Orc:2)
  A vampire knight (Depths:1)
  A minotaur (Gauntlet)
  22 spark wasps
  5 dire elephants (Depths:3)
  A red draconian (Depths:4)
  Snorg (Orc:2)
  9 ettins
  2 blizzard demons
  A merfolk javelineer (Depths:1)
  A great orb of eyes (Gauntlet)
  8 ice dragons
  2 fire dragons (Depths:2)
  Josephine (D:12)
  3 hydras
  A ghost crab (Gauntlet)
  4 spriggan air magi
  2 rakshasas
  2 ogre magi
  3 catoblepae
  2 centaur warriors
  10 two-headed ogres
  6 tengu warriors
  2 death yaks (Lair:3)
  A vampire mage (Depths:2)
  5 deep troll shamans
  An orc high priest (Orc:2)
  2 boulder beetles
  8 spriggan berserkers
  2 deep troll earth magi
  6 hell knights
  A soul eater (Depths:2)
  2 iron trolls
  A sixfirhy (Depths:3)
  3 skysharks (Lair:5)
  4 sun demons
  A flayed ghost (Depths:2)
  3 glowing orange brains
  A bog body (Lair:4)
  11 deep trolls
  Pikel (D:8)
  2 wizards
  A phantasmal warrior (D:13)
  An orc knight (Orc:2)
  4 deep elf pyromancers
  5 necromancers
  5 orc sorcerers (Orc:2)
  25 ugly things
  2 cyclopes
  The ghost of sausages the Conjurer, a novice OpCj of Gozag (D:6)
  Maurice (D:12)
  3 centaur zombies (D:10)
  4 manticores
  A rust devil (Depths:2)
  16 elephants
  Joseph (Lair:1)
  A black mamba (Lair:1)
  A torpor snail (Lair:3)
  2 smoke demons (Depths:2)
  Maggie (D:7)
  A cane toad (shapeshifter) (D:13)
  A gargoyle (D:13)
  22 cane toads
  A yaktaur (D:15)
  Psyche (D:9)
  3 rime drakes
  12 komodo dragons
  4 unseen horrors
  A freezing wraith (D:15)
  2 efreet
  6 ice devils
  5 red devils
  3 meliai (D:15)
  3 polar bears
  2 hellwings (Depths:2)
  A troll (shapeshifter) (D:14)
  6 trolls
  2 tyrant leeches (Lair:5)
  6 hornets
  A dream sheep (shapeshifter) (Depths:2)
  24 blink frogs
  6 slime creatures (D:15)
  4 spriggans
  Sigmund (D:4)
  A jumping spider (Lair:3)
  2 shadows
  3 water elementals (Depths:1)
  39 yaks
  7 wyverns
  3 vampires (D:10)
  7 wraiths
  Grum (Lair:1)
  A neqoxec (Depths:2)
  2 basilisks
  2 redbacks (Lair:3)
  A steam dragon (D:6)
  2 chaos spawn
  3 swamp worms (Lair:3)
  13 vampire mosquitoes
  3 wargs (Orc:2)
  28 water moccasins
  An ice beast (D:7)
  23 orc warriors
  A sky beast (D:8)
  9 ogres
  A centaur (D:10)
  18 wolves
  A lemure (D:8)
  6 kobold brigands
  20 bullfrogs
  3 gnoll sergeants
  8 scorpions
  A two-headed ogre simulacrum (Lair:4)
  An entropy weaver simulacrum (Lair:4)
  13 wights
  14 killer bees
  8 howler monkeys
  4 electric eels
  The ghost of mopl the Magician, a weakling OpHW (D:3)
  2 jellies
  20 orc priests
  4 hounds
  2 gnoll boudas (D:8)
  3 sleepcaps
  Terence (D:3)
  3 iguanas
  Ijyb (D:3)
  30 orc wizards
  A spriggan simulacrum (Lair:4)
  A polar bear simulacrum (Lair:4)
  2 hell rats (Lair:4)
  A wolf simulacrum (Lair:4)
  Robin (D:3)
  23 gnolls
  14 river rats
  20 adders
  A white imp (D:8)
  An ufetubus (D:7)
  2 worms
  2 dart slugs
  58 orcs
  9 endoplasms
  9 giant cockroaches
  15 goblins
  10 hobgoblins
  3 jackals (D:3)
  28 kobolds
  5 quokkas
  6 ball pythons
  2 bats
  3 frilled lizards
  5 rats
  A spectral kobold (D:1)
  3 butterflies (D:12)
962 creatures vanquished.

Vanquished Creatures (collateral kills)
  Rupert (Lair:5)
  A fire dragon (Depths:4)
2 creatures vanquished.

Vanquished Creatures (others)
  An orc wizard (Orc:2)
  An orc (Orc:2)
  A butterfly (Depths:3)
3 creatures vanquished.

Grand Total: 967 creatures vanquished
